 Dungeon Crawl Stone Soup version 0.17-a0-1923-gc35365e (webtiles) character file.

981115 ololoev the Thanatomancer (level 27, -3/238 HPs)
             Began as a Hill Orc Fighter on Sept 25, 2015.
             Was the Champion of Makhleb.
             Slain by a salamander firebrand
             ... wielding a +0 great mace of flaming
              (8 damage)
             ... on level 7 of Gehenna on Sept 28, 2015.
             The game lasted 05:29:26 (35278 turns).

ololoev the Thanatomancer (Hill Orc Fighter)       Turns: 35278, Time: 05:29:27

Health: -3/238     AC: 43    Str: 31    XL:     27
Magic:  25/39      EV: 27    Int: 11    God:    Makhleb [******]
Gold:   2738       SH:  0    Dex: 13    Spells: 5 memorised, 28 levels left

rFire  + + .     SeeInvis .     b - +9 battleaxe (chop)
rCold  + + +     Clarity  .     Q - quicksilver dragon armour
rNeg   + + +     SustAt   .     (no shield)
rPois  ∞         Gourm    .     j - +2 hat
rElec  +         Spirit   .     S - +2 cloak of Starlight {rElec rC+ EV+4 Stlth--}
rCorr  .         Warding  .     V - +3 pair of gloves "Povuikuc" {+Fly rF+ Regen+}
rMut   .         Stasis   .     L - +2 pair of boots
MR     +++++                    R - amulet of regeneration
Stlth  ..........               t - ring of Entrepreneurial Spirit {rPois rF+ EV+3 Str+2}
                                T - ring of the Mage {Wiz MR++ Int+3}

@: about to teleport, lich-form, almost entirely resistant to hostile
enchantments, extremely unstealthy
A: fangs 1, horns 1, icy blue scales 1, iridescent scales 1, molten scales 1,
cold resistance 1, deterioration 1, dopey 1, poison resistance, screaming 1,
shaggy fur 1, strong 1, wild magic 1
a: End Transformation, Minor Destruction, Lesser Servant of Makhleb, Major
Destruction, Greater Servant of Makhleb, Renounce Religion, Evoke Flight
}: 11/15 runes: decaying, slimy, silver, bone, abyssal, demonic, glowing,
magical, fiery, dark, gossamer


Innate Abilities, Weirdness & Mutations

You have very sharp teeth.
You have a pair of small horns on your head.
You are partially covered in icy blue scales (AC +1).
You are partially covered in iridescent scales (AC +4).
You are partially covered in molten scales (AC +1).
Your flesh is cold resistant.
Your body sometimes deteriorates upon taking damage.
You are dopey. (Int -2)
Your system is resistant to poisons.
You occasionally shout uncontrollably at your foes.
You are covered in fur (AC +1).
Your muscles are strong. (Str +2)
Your spells are a little harder to cast, but a little more powerful.

Inventory:

Hand weapons
 a - a +8 battleaxe of draining
 b - a +9 battleaxe of chopping (weapon)
 c - a +4 executioner's axe of pain
Armour
 j - a +2 hat (worn)
 n - a +6 gold dragon armour
 L - a +2 pair of boots (worn)
 Q - a quicksilver dragon armour (worn)
 S - the +2 cloak of Starlight (worn) {rElec rC+ EV+4 Stlth--}
   (You found it on level 5 of the Vaults)

   It affects your evasion (+4).
   It protects you from cold.
   It insulates you from electricity.
   It makes you much less stealthy.
 V - the +3 pair of gloves "Povuikuc" (worn) {+Fly rF+ Regen+}
   (You found it on level 6 of the Pits of Slime)

   It protects you from fire.
   It lets you fly.
   It increases your rate of regeneration.
Jewellery
 i - an uncursed ring of sustain attributes
 m - an uncursed ring of teleportation
 t - the ring of Entrepreneurial Spirit (right hand) {rPois rF+ EV+3 Str+2}
   (You found it on level 6 of a ziggurat)

   [ring of evasion]

   It affects your evasion (+3).
   It affects your strength (+2).
   It protects you from fire.
   It protects you from poison.
 M - an uncursed ring of see invisible
 P - an uncursed amulet of resist mutation
 R - an amulet of regeneration (around neck)
 T - the ring of the Mage (left hand) {Wiz MR++ Int+3}
   (You bought it in a shop on level 2 of the Vaults)

   [ring of wizardry]

   It improves your spell success rate.
   It affects your intelligence (+3).
   It affects your resistance to hostile enchantments.
Magical devices
 u - a wand of teleportation (0)
 J - a wand of disintegration (4)
 K - a wand of invisibility (3)
Scrolls
 f - a scroll of blinking
 k - 7 scrolls of identify
 x - 4 scrolls of recharging
 z - 4 scrolls of silence
 B - 17 scrolls of remove curse
 N - 3 scrolls of summoning
 Y - 3 scrolls of immolation
Potions
 g - a potion of heal wounds
 p - 2 potions of invisibility
 s - 7 potions of cure mutation
 v - 2 potions of resistance
 A - a potion of curing
Miscellaneous
 y - a fan of gales (inert)
 F - an ornate deck of war {the Crusade, drawn: 5}
 H - a legendary deck of summoning {the Rangers, drawn: 6}
 U - a disc of storms
Comestibles
 d - 18 meat rations
 e - 20 bread rations
 l - 14 slices of pizza


   Skills:
 + Level 18.1 Fighting
 * Level 22.9 Axes
 + Level 16.7 Armour
 + Level 15.4 Dodging
   Level 3.2 Shields
 + Level 12.2 Spellcasting
 * Level 24.0 Necromancy
 - Level 9.9 Translocations
 * Level 19.4 Transmutations
 - Level 19.5 Invocations
 - Level 13.9 Evocations


You had 28 spell levels left.
You knew the following spells:

 Your Spells              Type           Power        Failure   Level  Hunger
a - Apportation           Tloc           #####.....   1%          1    N/A
b - Blink                 Tloc           N/A          1%          2    N/A
c - Necromutation         Trmt/Necr      #######...   11%         8    N/A
d - Borgnjor's Revivific  Necr           #######...   6%          8    N/A
e - Regeneration          Chrm/Necr      ######....   1%          3    N/A


You were on level 7 of Gehenna.
You worshipped Makhleb.
Makhleb was exalted by your worship.
You were not hungry.
You were a lich.
You visited 13 branches of the dungeon, and saw 69 of its levels.
You visited Pandemonium 2 times, and saw 41 of its levels.
You visited the Abyss 2 times.
You visited 2 ziggurats, and saw 18 of their levels (deepest: 11).
You also visited: Wizlab.

You collected 5796 gold pieces.
You spent 2988 gold pieces at shops.

#.#≈§# ≈
##§§§§###§
#..§§≈§≈§§
#.§≈≈E§≈≈≈
#.hE§.§#...
##...W......
###DD...#####
##§#'#N§§.####
..h...DL§##
..h...§§D#
..#p....##
....h...'
......2V#
..§..#§hE
........#
........#

Notes
Turn   | Place    | Note
--------------------------------------------------------------
     0 | D:1      | ololoev the Hill Orc Fighter began the quest for the Orb.
     0 | D:1      | Reached XP level 1. HP: 19/19 MP: 1/1
    96 | D:1      | Reached XP level 2. HP: 21/27 MP: 2/2
   129 | D:1      | Reached skill level 4 in Fighting
   167 | D:1      | Reached XP level 3. HP: 12/33 MP: 3/3
   247 | D:2      | Noticed Terence
   339 | D:2      | Killed Terence
   339 | D:2      | Reached XP level 4. HP: 14/41 MP: 4/4
   457 | D:2      | You fall through a shaft!
   487 | D:3      | Found a glowing silver altar of Zin.
   575 | D:3      | Found a glowing golden altar of the Shining One.
   575 | D:3      | Found a glowing silver altar of Zin.
   575 | D:3      | Found a white marble altar of Elyvilon.
   666 | D:3      | Reached XP level 5. HP: 42/47 MP: 5/5
   670 | D:3      | Reached skill level 5 in Fighting
   729 | D:3      | Noticed Uberwunderbarhen's ghost (average OpFi)
   865 | D:3      | Reached skill level 5 in Axes
   866 | D:3      | Reached skill level 1 in Evocations
   887 | D:3      | Noticed a big kobold
   896 | D:3      | Killed a big kobold
   896 | D:3      | Reached XP level 6. HP: 45/56 MP: 5/7
  1042 | D:5      | Entered Level 5 of the Dungeon
  1154 | D:4      | Found a staircase to the Ecumenical Temple.
  1163 | D:4      | Reached skill level 6 in Axes
  1169 | Temple   | Entered the Ecumenical Temple
  1196 | Temple   | Became a worshipper of Makhleb the Destroyer
  1321 | D:3      | Reached XP level 7. HP: 55/62 MP: 8/8
  1377 | D:3      | Acquired Makhleb's first power
  1514 | D:5      | Reached skill level 7 in Axes
  1514 | D:5      | Reached skill level 5 in Armour
  1850 | D:8      | Reached XP level 8. HP: 46/70 MP: 10/10
  1856 | D:8      | Acquired Makhleb's second power
  2016 | D:8      | Reached skill level 8 in Axes
  2122 | D:9      | Noticed Grum
  2129 | D:9      | Reached skill level 1 in Invocations
  2131 | D:9      | Killed Grum
  2156 | D:9      | Reached skill level 9 in Axes
  2156 | D:9      | Reached XP level 9. HP: 40/78 MP: 12/12
  2316 | D:8      | Noticed a yak
  2317 | D:8      | Noticed a yak
  2325 | D:8      | Killed a yak
  2325 | D:8      | Reached skill level 5 in Invocations
  2325 | D:8      | Killed a yak
  2325 | D:8      | Reached skill level 5 in Evocations
  2387 | D:8      | Noticed a three-headed hydra
  2407 | D:8      | Killed a one-headed hydra
  2407 | D:8      | Acquired Makhleb's third power
  2407 | D:8      | Reached skill level 10 in Axes
  2471 | D:9      | Got a crude golden ring
  2486 | D:8      | Identified the ring "Sauk" {+Fly Stlth-} (You took it off an orc on level 9 of the Dungeon)
  2493 | D:9      | Found a sparkling altar of Nemelex Xobeh.
  2548 | D:9      | Found an opulent altar of Gozag.
  2550 | D:9      | Found a shadowy altar of Dithmenos.
  2602 | D:9      | Gained mutation: Your system is resistant to poisons. [potion of mutation]
  2602 | D:9      | Gained mutation: You are partially covered in iridescent scales (AC +4). [potion of mutation]
  2602 | D:9      | Gained mutation: You tend to lose your temper in combat. [potion of mutation]
  2660 | D:9      | Noticed a hill giant
  2672 | D:9      | Killed a hill giant
  2672 | D:9      | Reached XP level 10. HP: 87/87 MP: 15/15
  2675 | D:9      | Noticed Joseph
  2815 | D:9      | Killed Joseph
  2815 | D:9      | Reached skill level 11 in Axes
  2864 | D:9      | Noticed a centaur skeleton
  2875 | D:9      | Killed a centaur skeleton
  2884 | D:9      | Noticed Prince Ribbit
  2885 | D:9      | Noticed Prince Ribbit
  2885 | D:9      | Prince Ribbit changed into Prince Ribbit the basilisk
  2886 | D:9      | Prince Ribbit the basilisk changed into Prince Ribbit the tengu
  2894 | D:9      | Noticed Gastronok
  3156 | D:9      | Killed Gastronok
  3201 | D:10     | Entered Level 10 of the Dungeon
  3222 | D:9      | Noticed a hill giant
  3230 | D:9      | Reached skill level 12 in Axes
  3230 | D:9      | Reached XP level 11. HP: 90/95 MP: 17/17
  3255 | D:9      | Killed a hill giant
  3290 | D:9      | Gained mutation: You are covered in fur (AC +1). [mutagenic meat]
  3291 | D:9      | Gained mutation: You are partially covered in molten scales (AC +1). [mutagenic meat]
  3292 | D:9      | Gained mutation: You are dopey. (Int -2) [mutagenic meat]
  3293 | D:9      | Lost mutation: You are dopey. (Int -2) [mutagenic meat]
  3618 | D:10     | Acquired Makhleb's fourth power
  3769 | D:11     | Reached skill level 10 in Invocations
  3836 | D:11     | Killed an unseen horror
  3927 | D:12     | Reached skill level 13 in Axes
  4058 | D:10     | Noticed an eight-headed hydra
  4065 | D:10     | Killed an eight-headed hydra
  4076 | D:10     | Gained mutation: You often lose your temper in combat. [mutagenic meat]
  4078 | D:10     | Gained mutation: Your spells are a little harder to cast, but a little more powerful. [mutagenic meat]
  4136 | D:10     | Gained mutation: Your body sometimes deteriorates upon taking damage. [mutagenic meat]
  4161 | D:9      | Found a basalt altar of Yredelemnul.
  4279 | D:11     | Acquired Makhleb's fifth power
  4283 | D:11     | Gained mutation: You are robust (+10% HP). [mutagenic meat]
  4285 | D:11     | Lost mutation: You often lose your temper in combat. [mutagenic meat]
  4660 | D:12     | Gained mutation: You are partially covered in icy blue scales (AC +1). [mutagenic meat]
  4703 | D:12     | Reached XP level 12. HP: 113/116 MP: 20/20
  4837 | D:11     | Gained mutation: Your muscles are strong. (Str +2) [mutagenic meat]
  4838 | D:11     | Gained mutation: You have very sharp teeth. [mutagenic meat]
  4839 | D:11     | Lost mutation: You tend to lose your temper in combat. [mutagenic meat]
  4898 | D:11     | Found a staircase to the Lair.
  5233 | D:12     | Found a roughly hewn altar of Beogh.
  5233 | D:12     | Found a staircase to the Orcish Mines.
  5287 | Orc:1    | Entered Level 1 of the Orcish Mines
  5316 | Orc:1    | Found a radiant altar of Vehumet.
  5515 | Orc:3    | Found a staircase to the Elven Halls.
  5649 | Orc:4    | Entered Level 4 of the Orcish Mines
  5659 | Orc:4    | Reached skill level 10 in Fighting
  5673 | Orc:4    | Reached skill level 14 in Axes
  5883 | Orc:4    | Found a bloodstained altar of Trog.
  5897 | Orc:4    | Noticed Saint Roka
  5900 | Orc:4    | Noticed an ogre mage
  5946 | Orc:4    | Killed an ogre mage
  5962 | Orc:4    | Noticed an ogre mage
  5973 | Orc:4    | Killed an ogre mage
  5984 | Orc:4    | Found Xeatzo Neo's General Store.
  5984 | Orc:4    | Found Dacitoug's Armour Boutique.
  5985 | Orc:4    | Found Xiqoukhu's Assorted Antiques.
  5985 | Orc:4    | Found Qumypasm's Antique Weapon Emporium.
  5988 | Orc:4    | Noticed an ogre mage
  6017 | Orc:4    | Killed an ogre mage
  6026 | Orc:4    | Noticed an ogre mage
  6042 | Orc:4    | Killed an ogre mage
  6063 | Orc:4    | Bought the +3 cloak of Servitude {rElec Int+4} for 712 gold pieces
  6071 | Orc:4    | Bought a scroll of identify for 60 gold pieces
  6071 | Orc:4    | Bought a scroll labeled ZEYNGASH PYMU for 30 gold pieces
  6071 | Orc:4    | Bought a fizzy red potion for 27 gold pieces
  6071 | Orc:4    | Bought a scroll labeled UMUINOUNNE for 30 gold pieces
  6071 | Orc:4    | Bought a scroll labeled AMUMUI MOGO for 30 gold pieces
  6186 | Orc:3    | Noticed Urug
  6193 | Orc:3    | Killed Urug
  6193 | Orc:3    | Reached XP level 13. HP: 86/125 MP: 22/22
  6379 | Lair:1   | Entered Level 1 of the Lair of Beasts
  6480 | Lair:1   | Reached skill level 15 in Axes
  6506 | Lair:1   | Learned a level 1 spell: Apportation
  6558 | Lair:1   | Reached skill level 10 in Armour
  6721 | Lair:1   | Reached skill level 1 in Dodging
  7050 | Lair:4   | Noticed Josephine
  7060 | Lair:4   | Killed Josephine
  7132 | Lair:4   | Found a snail-covered altar of Cheibriados.
  7183 | Lair:3   | Found a staircase to the Swamp.
  7427 | Lair:3   | Noticed Rupert
  7439 | Lair:3   | Killed Rupert
  7653 | Lair:4   | Reached skill level 16 in Axes
  7923 | Lair:5   | Reached XP level 14. HP: 137/137 MP: 24/24
  8078 | Lair:6   | Found a hole to the Spider Nest.
  8211 | Lair:7   | Found a staircase to the Slime Pits.
  8254 | Lair:8   | Entered Level 8 of the Lair of Beasts
  8456 | Lair:8   | Noticed a cacodemon
  8465 | Lair:8   | Killed a cacodemon
  8605 | Spider:1 | Entered Level 1 of the Spider Nest
  8861 | Spider:1 | Noticed an emperor scorpion
  8879 | Spider:1 | Killed an emperor scorpion
  8879 | Spider:1 | Reached skill level 17 in Axes
  8895 | Spider:1 | Reached skill level 10 in Evocations
  8992 | Spider:3 | Reached skill level 5 in Dodging
  9044 | Spider:4 | Entered Level 4 of the Spider Nest
  9098 | Spider:4 | Reached XP level 15. HP: 147/147 MP: 24/26
  9099 | Spider:4 | Noticed Arachne
  9148 | Spider:4 | Killed Arachne
  9213 | Spider:4 | Noticed an emperor scorpion
  9233 | Spider:4 | Killed an emperor scorpion
  9247 | Spider:4 | Paralysed by something for 7 turns
  9382 | Spider:4 | Noticed Norris
  9402 | Spider:4 | Killed Norris
  9444 | Spider:4 | Noticed an emperor scorpion
  9444 | Spider:4 | Noticed an emperor scorpion
  9451 | Spider:4 | Reached skill level 15 in Invocations
  9459 | Spider:4 | Noticed an emperor scorpion
  9466 | Spider:4 | Killed a ghost moth
  9542 | Spider:3 | Noticed Conn321's ghost (mighty SpAs)
  9549 | Spider:3 | Reached skill level 18 in Axes
  9694 | Spider:4 | Killed an emperor scorpion
  9728 | Spider:4 | Killed a ghost moth
  9774 | Spider:4 | Killed an emperor scorpion
  9774 | Spider:4 | Reached skill level 1 in Translocations
  9817 | Spider:4 | Killed a ghost moth
  9845 | Spider:4 | Killed an emperor scorpion
  9899 | Spider:4 | Got a gossamer rune of Zot
 10143 | Lair:3   | Noticed graki42's ghost (powerful MiFi)
 10161 | Lair:3   | Killed graki42's ghost
 10217 | Swamp:1  | Entered Level 1 of the Swamp
 10316 | Swamp:2  | Noticed a thorn hunter
 10329 | Swamp:2  | Killed a thorn hunter
 10329 | Swamp:2  | Reached XP level 16. HP: 95/158 MP: 27/27
 10433 | Swamp:2  | Got a wavering gossamer ring
 10435 | Swamp:2  | Identified the cursed ring of the Princess {MR++ Dex-2} (You found it on level 2 of the Swamp)
 10618 | Swamp:4  | Entered Level 4 of the Swamp
 10640 | Swamp:4  | Noticed ololoev's ghost (powerful HOFi)
 10656 | Swamp:4  | Killed ololoev's ghost
 10709 | Swamp:4  | Noticed a thorn hunter
 10715 | Swamp:4  | Killed a thorn hunter
 11034 | Swamp:4  | Got a decaying rune of Zot
 11344 | D:13     | Noticed a wizard
 11344 | D:13     | Noticed a wizard
 11348 | D:13     | Killed a wizard
 11349 | D:13     | Killed a wizard
 11353 | D:13     | Identified the Disquisition on Curses
 11490 | D:14     | Found a flagged portal.
 11536 | D:15     | Entered Level 15 of the Dungeon
 11602 | D:14     | Found a gate to the Vaults.
 11920 | D:15     | Found a staircase to the Depths.
 12219 | Elf:1    | Entered Level 1 of the Elven Halls
 12239 | Elf:1    | Found a radiant altar of Vehumet.
 12391 | Elf:1    | Reached skill level 19 in Axes
 12463 | Elf:3    | Entered Level 3 of the Elven Halls
 12618 | Elf:3    | Reached XP level 17. HP: 166/166 MP: 28/28
 12687 | Elf:3    | Found a magical portal.
 12696 | WizLab   | Entered Wucad Mu's Monastery
 13285 | Elf:2    | Reached skill level 5 in Translocations
 13285 | Elf:2    | Reached XP level 18. HP: 176/176 MP: 28/30
 13286 | Elf:2    | Reached XP level 19. HP: 183/183 MP: 28/31
 13412 | Elf:2    | Found a huge runed gate.
 13412 | Elf:2    | Found a huge runed gate.
 13412 | Elf:2    | Found a huge runed gate.
 13413 | Elf:2    | Found a huge runed gate.
 13415 | Elf:2    | Found a huge runed gate.
 13592 | Elf:2    | Reached skill level 10 in Dodging
 13939 | Elf:3    | Noticed a deep elf blademaster
 13951 | Elf:3    | Killed a deep elf blademaster
 13972 | Elf:3    | Noticed a deep elf master archer
 13980 | Elf:3    | Killed a deep elf master archer
 13980 | Elf:3    | Reached skill level 20 in Axes
 14056 | Elf:3    | Noticed a deep elf master archer
 14056 | Elf:3    | Noticed a deep elf blademaster
 14073 | Elf:3    | Killed a deep elf blademaster
 14078 | Elf:3    | Killed a deep elf master archer
 14260 | Elf:3    | Gained mutation: Your flesh is cold resistant. [potion of beneficial mutation]
 14311 | Elf:3    | Got a serpentine brass ring
 14313 | Elf:3    | Identified the ring "Wuck" {rPois rF+ MP+9 Int+3 Dex-5} (You found it on level 3 of the Elven Halls)
 14328 | Elf:3    | Learned a level 2 spell: Blink
 14330 | Elf:3    | Identified Exohetog's Reference Book on Heat
 14372 | Elf:3    | Got a shimmering chain mail
 14383 | Elf:3    | Identified the cursed +0 chain mail of the Countless Tales {Regen+ Str+3} (You found it on level 3 of the Elven Halls)
 14733 | Vaults:1 | Entered Level 1 of the Vaults
 14828 | Vaults:2 | Found Gaor's Jewellery Shoppe.
 14868 | Vaults:2 | Bought a cursed ring of teleportation for 145 gold pieces
 14868 | Vaults:2 | Bought a cursed ring of see invisible for 120 gold pieces
 14868 | Vaults:2 | Bought an uncursed amulet of resist mutation for 400 gold pieces
 14881 | Vaults:2 | Found Joptos's Distillery.
 14981 | Vaults:2 | Found a staircase to the Crypt.
 14981 | Vaults:2 | Found an ancient bone altar of Kikubaaqudgha.
 14981 | Vaults:2 | Found a basalt altar of Yredelemnul.
 15000 | Vaults:2 | Reached XP level 20. HP: 179/194 MP: 32/32
 15125 | Vaults:2 | Reached skill level 15 in Fighting
 15131 | Vaults:2 | Found Mifiuw's Jewellery Boutique.
 15133 | Vaults:2 | Found Aroaff's Jewellery Shop.
 15143 | Vaults:2 | Bought the ring of the Mage {Wiz MR++ Int+3} for 930 gold pieces
 15403 | Vaults:2 | Bought a potion of resistance for 210 gold pieces
 15403 | Vaults:2 | Bought a potion of curing for 63 gold pieces
 15403 | Vaults:2 | Bought a potion of curing for 63 gold pieces
 15403 | Vaults:2 | Bought a potion of ambrosia for 168 gold pieces
 15549 | Vaults:2 | Reached skill level 21 in Axes
 16519 | Vaults:4 | Reached XP level 21. HP: 161/205 MP: 33/33
 16560 | Vaults:5 | Entered Level 5 of the Vaults
 16708 | Vaults:5 | Noticed a golden dragon
 16722 | Vaults:5 | Killed a golden dragon
 16864 | Vaults:5 | Reached skill level 15 in Armour
 16971 | Vaults:5 | Reached skill level 22 in Axes
 17053 | Vaults:5 | Noticed a golden dragon
 17083 | Vaults:5 | Killed a golden dragon
 17083 | Vaults:5 | Reached XP level 22. HP: 159/217 MP: 35/35
 17364 | Vaults:5 | Got a heavily runed golden amulet
 17366 | Vaults:5 | Identified the amulet "Etalaur" {rMut rC- Dex+2 Slay-2 SInv} (You found it on level 5 of the Vaults)
 17468 | Vaults:5 | Got a distressingly furry plate armour
 17479 | Vaults:5 | Identified the +6 plate armour "Affush" {Int+2 Dex+5} (You found it on level 5 of the Vaults)
 17520 | Vaults:5 | Got a silver rune of Zot
 18082 | Slime:1  | Entered Level 1 of the Pits of Slime
 18315 | Slime:4  | Reached skill level 15 in Dodging
 18329 | Slime:5  | Upgraded the game from 0.17-a0-1910-g4c791fa to 0.17-a0-1923-gc35365e
 18444 | Slime:6  | Entered Level 6 of the Pits of Slime
 18560 | Slime:6  | Noticed the royal jelly
 18593 | Slime:6  | Found a viscous altar of Jiyva.
 18619 | Slime:6  | Killed the royal jelly
 18619 | Slime:6  | Reached XP level 23. HP: 112/223 MP: 25/36
 18668 | Slime:6  | Got a faintly humming plate armour
 18679 | Slime:6  | Identified the +9 plate armour "Bount" {MR+ Str+4 Stlth-} (You found it on level 6 of the Pits of Slime)
 18714 | Slime:6  | Got a slimy rune of Zot
 18742 | Slime:6  | Got a pair of encrusted gloves
 18743 | Slime:6  | Identified the +3 pair of gloves "Povuikuc" {+Fly rF+ Regen+} (You found it on level 6 of the Pits of Slime)
 18815 | Slime:6  | Got a scintillating ivory ring
 18816 | Slime:6  | Identified a ring of the Pure Planets {rC+ MR+ Str-5 Int+7} (You found it on level 6 of the Pits of Slime)
 19343 | Vaults:3 | Learned a level 8 spell: Necromutation
 19352 | Vaults:3 | Learned a level 8 spell: Borgnjor's Revivification
 19563 | Depths:1 | Entered Level 1 of the Depths
 19579 | Depths:1 | Noticed Aizul
 19583 | Depths:1 | Noticed Margery
 19590 | Depths:1 | Reached skill level 1 in Necromancy
 19594 | Depths:1 | Reached skill level 1 in Transmutations
 19596 | Depths:1 | Killed Aizul
 19601 | Depths:1 | Killed Margery
 19656 | Depths:1 | Found a gateway to Hell.
 19686 | Depths:1 | Found a shimmering altar of Xom.
 19912 | Depths:2 | Reached skill level 5 in Necromancy
 19919 | Depths:2 | Noticed a juggernaut
 19943 | Depths:2 | Killed a juggernaut
 20157 | Depths:2 | Found a one-way gate to the infinite horrors of the Abyss.
 20161 | Depths:2 | Voluntarily entered the Abyss.
 20358 | Abyss:1  | Found a corrupted altar of Lugonu.
 20454 | Abyss:1  | Found a corrupted altar of Lugonu.
 20609 | Abyss:1  | Found a corrupted altar of Lugonu.
 20926 | Abyss:4  | Gained mutation: You have a pair of small horns on your head. [potion of beneficial mutation]
 20945 | Abyss:5  | Entered Level 5 of the Abyss
 20945 | Abyss:5  | Found a corrupted altar of Lugonu.
 20986 | Abyss:5  | Got an abyssal rune of Zot
 21028 | Depths:2 | Escaped the Abyss
 21215 | Depths:3 | Reached XP level 24. HP: 234/234 MP: 36/36
 21246 | Depths:3 | Reached skill level 1 in Spellcasting
 21246 | Depths:3 | Reached skill level 5 in Transmutations
 21264 | Depths:3 | Noticed the Enchantress
 21276 | Depths:3 | Killed the Enchantress
 21287 | Depths:3 | Got a faerie dragon armour
 21298 | Depths:3 | Identified the +2 faerie dragon armour {*Contam +Blink Int+2 SInv} (You took it off the Enchantress on level 3 of the Depths)
 21671 | Depths:5 | Entered Level 5 of the Depths
 21952 | Depths:5 | Found a gate to the Realm of Zot.
 22102 | Depths:5 | Found a gateway to a ziggurat.
 22153 | Zig:1    | Entered Level 1 of a ziggurat
 22177 | Zig:2    | Entered Level 2 of a ziggurat
 22207 | Zig:3    | Entered Level 3 of a ziggurat
 22224 | Zig:3    | Got a steaming cloak
 22225 | Zig:3    | Identified the cursed +0 cloak "Vaapp" {rC+} (You found it on level 3 of a ziggurat)
 22237 | Zig:4    | Entered Level 4 of a ziggurat
 22310 | Zig:5    | Entered Level 5 of a ziggurat
 22317 | Zig:5    | Noticed an ancient lich
 22334 | Zig:5    | Killed an ancient lich
 22363 | Zig:6    | Entered Level 6 of a ziggurat
 22388 | Zig:6    | Reached skill level 10 in Necromancy
 22388 | Zig:6    | Reached XP level 25. HP: 246/246 MP: 36/36
 22395 | Zig:6    | Identified the Incunabulum of the Supportive Snowflakes
 22407 | Zig:7    | Entered Level 7 of a ziggurat
 22624 | Depths:4 | Reached XP level 26. HP: 101/255 MP: 36/36
 22990 | Depths:1 | Noticed Sojobo
 23406 | Depths:1 | Killed Sojobo
 23457 | Depths:1 | Noticed Wiglaf
 23467 | Depths:1 | Killed Wiglaf
 24095 | Depths:5 | Found a one-way gate leading to the halls of Pandemonium.
 24104 | Pan      | Entered Pandemonium
 24172 | Pan      | Noticed Olixuido the pandemonium lord
 24182 | Pan      | Killed Olixuido the pandemonium lord
 24297 | Pan      | Entered the realm of Gloorx Vloq.
 24348 | Pan      | Lost mutation: You are robust (+10% HP). [mutagenic glow]
 24605 | Pan      | Reached skill level 10 in Transmutations
 24826 | Pan      | Noticed Gloorx Vloq
 25162 | Pan      | Reached XP level 27. HP: 238/238 MP: 36/36
 25174 | Pan      | Got a dark rune of Zot
 25206 | Pan      | Gained mutation: You occasionally shout uncontrollably at your foes. [a cacodemon]
 25483 | Pan      | Noticed Mennas
 25544 | Pan      | Killed Mennas
 25561 | Pan      | Found a gateway to a ziggurat.
 25570 | Zig:1    | Entered Level 1 of a ziggurat
 25625 | Zig:2    | Entered Level 2 of a ziggurat
 25652 | Zig:3    | Entered Level 3 of a ziggurat
 25683 | Zig:4    | Entered Level 4 of a ziggurat
 25722 | Zig:5    | Entered Level 5 of a ziggurat
 25764 | Zig:5    | Identified the Reference Book on Boosting Unholy Secrets
 25787 | Zig:6    | Entered Level 6 of a ziggurat
 25815 | Zig:6    | Got a coiled granite ring
 25816 | Zig:6    | Identified the ring of Ynuhih {rC+ Str+3} (You found it on level 6 of a ziggurat)
 25842 | Zig:6    | Got a warped tin ring
 25843 | Zig:6    | Identified the ring of Entrepreneurial Spirit {rPois rF+ EV+3 Str+2} (You found it on level 6 of a ziggurat)
 25849 | Zig:7    | Entered Level 7 of a ziggurat
 25926 | Zig:8    | Entered Level 8 of a ziggurat
 25949 | Zig:8    | Reached skill level 15 in Necromancy
 25966 | Zig:9    | Entered Level 9 of a ziggurat
 26026 | Zig:10   | Entered Level 10 of a ziggurat
 26092 | Zig:11   | Entered Level 11 of a ziggurat
 26151 | Zig:11   | Identified Ozocubu's Reference Book on Ice
 26262 | Pan      | Noticed Sutevio the pandemonium lord
 26283 | Pan      | Killed Sutevio the pandemonium lord
 26301 | Pan      | Noticed Yraly the pandemonium lord
 26347 | Pan      | Killed Yraly the pandemonium lord
 26563 | Pan      | Noticed a seraph
 26575 | Pan      | Killed a seraph
 26682 | Pan      | Found a glowing golden altar of the Shining One.
 26726 | Pan      | Got a demonic rune of Zot
 27365 | Pan      | Found a glowing silver altar of Zin.
 27611 | Pan      | Found a white marble altar of Elyvilon.
 27695 | Pan      | Reached skill level 15 in Transmutations
 27880 | Pan      | Found an exit through the horrors of the Abyss.
 27964 | Pan      | Noticed Gloorx Vloq
 28004 | Pan      | Noticed Enkaitou the pandemonium lord
 28032 | Pan      | Killed Enkaitou the pandemonium lord
 28101 | Pan      | Found a runed door.
 28104 | Pan      | Found a runed door.
 28131 | Pan      | Found a runed door.
 28131 | Pan      | Found a runed door.
 28147 | Pan      | Noticed Xyp Epec the pandemonium lord
 28162 | Pan      | Killed Xyp Epec the pandemonium lord
 28322 | Pan      | Found an exit through the horrors of the Abyss.
 28453 | Pan      | Noticed Afiwkyuwk the pandemonium lord
 28530 | Pan      | Noticed Gloorx Vloq
 28619 | Pan      | Killed Gloorx Vloq
 28731 | Pan      | Noticed Zappakk the pandemonium lord
 28839 | Pan      | Got a bound garnet amulet
 28840 | Pan      | Identified the amulet "Etwi" {Faith rN+ Str+3} (You found it in Pandemonium)
 28857 | Pan      | Entered the realm of Lom Lobon.
 28857 | Pan      | Noticed Lom Lobon
 28902 | Pan      | Got a magical rune of Zot
 29007 | Pan      | Found an exit through the horrors of the Abyss.
 29053 | Pan      | Noticed Gokk the pandemonium lord
 29070 | Pan      | Killed Gokk the pandemonium lord
 29141 | Pan      | Found an exit through the horrors of the Abyss.
 29423 | Pan      | Found a huge runed gate.
 29434 | Pan      | Found an exit through the horrors of the Abyss.
 29666 | Pan      | Noticed Beletun the pandemonium lord
 29826 | Pan      | Got a pair of encrusted gloves
 29827 | Pan      | Identified the +1 pair of gloves of Distant Shores {rElec Int+2 Stlth+} (You found it in Pandemonium)
 29891 | Pan      | Noticed Lom Lobon
 29966 | Pan      | Found an exit through the horrors of the Abyss.
 30043 | Pan      | Reached skill level 5 in Spellcasting
 30147 | Pan      | Identified a +3 rod of ignition (13/13) (You found it in Pandemonium)
 30285 | Pan      | Noticed Utomeikh the pandemonium lord
 30335 | Pan      | Noticed Lom Lobon
 30818 | Pan      | Learned a level 3 spell: Regeneration
 31001 | Pan      | Noticed Kageo the pandemonium lord
 31016 | Pan      | Killed Kageo the pandemonium lord
 31049 | Pan      | Entered the realm of Mnoleg.
 31243 | Pan      | Noticed Mnoleg
 31290 | Pan      | Killed Mnoleg
 31325 | Pan      | Got a glowing rune of Zot
 31356 | Pan      | Gained mutation: You are dopey. (Int -2) [a neqoxec]
 31415 | Pan      | Noticed Xest the pandemonium lord
 31554 | Pan      | Noticed Ignacio
 31558 | Pan      | HP: 3/238 [Ignacio/executioner's axe of pain (10)]
 31578 | Pan      | Got a transparent jade ring
 31590 | Pan      | Identified the ring "Keppoxku" {Fire *Corrode +Inv rN+ MP+9} (You found it in Pandemonium)
 31656 | Pan      | Noticed Ignacio
 31666 | Pan      | Noticed Kyrgh the pandemonium lord
 31732 | Pan      | Noticed Nehiokk the pandemonium lord
 31749 | Pan      | Killed Nehiokk the pandemonium lord
 31803 | Depths:5 | Escaped Pandemonium
 31805 | Pan      | Entered Pandemonium
 31990 | Pan      | Found an exit through the horrors of the Abyss.
 32045 | Pan      | Entered the realm of Cerebov.
 32052 | Pan      | Noticed Lom Lobon
 32060 | Pan      | Noticed Ignacio
 32364 | Pan      | Killed Ignacio
 32401 | Pan      | Noticed Cerebov
 32408 | Pan      | Noticed Nekhliell the pandemonium lord
 32424 | Pan      | Killed Cerebov
 32470 | Pan      | Got a fiery rune of Zot
 32556 | Pan      | Found an exit through the horrors of the Abyss.
 32569 | Pan      | Took an exit into the Abyss.
 32569 | Abyss:1  | Escaped into the Abyss
 32569 | Abyss:1  | Found a corrupted altar of Lugonu.
 32578 | Depths:5 | Escaped the Abyss
 32668 | Hell     | Entered the Vestibule of Hell
 32668 | Hell     | Noticed Geryon
 32685 | Hell     | Killed Geryon
 32822 | Hell     | Found a gateway to the decaying netherworld of Tartarus.
 32847 | Tar:1    | Entered Level 1 of Tartarus
 32852 | Tar:1    | You fall through a shaft!
 32853 | Tar:2    | Found a huge runed gate.
 32853 | Tar:2    | Found a huge runed gate.
 32853 | Tar:2    | Found a huge runed gate.
 32854 | Tar:2    | Found a huge runed gate.
 32855 | Tar:2    | Found a huge runed gate.
 32855 | Tar:2    | Found a huge runed gate.
 32855 | Tar:2    | Found a huge runed gate.
 32855 | Tar:2    | Found a huge runed gate.
 32855 | Tar:2    | Found a huge runed gate.
 32857 | Tar:2    | Found a huge runed gate.
 32857 | Tar:2    | Found a huge runed gate.
 32857 | Tar:2    | Found a huge runed gate.
 32857 | Tar:2    | Found a huge runed gate.
 32921 | Tar:2    | Reached skill level 10 in Spellcasting
 33169 | Tar:3    | You fall through a shaft for 2 floors!
 33428 | Tar:7    | Entered Level 7 of Tartarus
 33469 | Tar:7    | Reached skill level 23 in Necromancy
 34138 | Tar:7    | Noticed Ereshkigal
 34239 | Tar:7    | Got a bone rune of Zot
 34414 | Hell     | Found a gateway to the ashen valley of Gehenna.
 34421 | Geh:1    | Entered Level 1 of Gehenna
 35121 | Geh:7    | Entered Level 7 of Gehenna
 35252 | Geh:7    | Noticed the Serpent of Hell
 35256 | Geh:7    | Reached skill level 24 in Necromancy
 35278 | Geh:7    | HP: 5/238 [salamander firebrand/great mace of flaming (18)]
 35278 | Geh:7    | Slain by a salamander firebrand

Dungeon Overview and Level Annotations

Branches:
Dungeon (15/15)            Temple (1/1) D:4            Lair (8/8) D:11
  Swamp (4/4) Lair:3       Spider (4/4) Lair:6        Slime (6/6) Lair:7
    Orc (4/4) D:12            Elf (3/3) Orc:3        Vaults (5/5) D:14
  Crypt (0/3) Vaults:2     Depths (5/5) D:15           Hell (1/1)
    Geh (7/7) Hell            Tar (7/7) Hell            Zot (0/5) Depths:5
    Dis: Hell:1         Coc: Hell:1

Altars:
Cheibriados
Dithmenos
Elyvilon
Gozag
Kikubaaqudgha
Makhleb
Nemelex Xobeh
Qazlal
Ru
Trog
Vehumet
Xom
Yredelemnul
Zin
The Shining One
Beogh
Jiyva

Shops:
Orc:4 [*(*   Vaults:2 !===

Portals:
Hell: Depths:1 Depths:2 Depths:3 Depths:4 Depths:5
Abyss: Depths:1 Depths:2 Depths:4
Pandemonium: Depths:5

Annotations:
D:3 Uberwunderbarhen's ghost, average OpFi
Spider:3 Conn321's ghost, mighty SpAs
Orc:4 Saint Roka
Geh:7 Serpent of
Hell
Tar:2 13 runed doors
Tar:7 Ereshkigal


Message History

The Serpent of Hell tramples you but does no damage.
The salamander firebrand hits you with a great mace of flaming!
The air around you erupts in flames! You resist.
The salamander firebrand burns you.
You suddenly feel all small and vulnerable.
Death has come for you...
You shout at the hell hound! 5 hell hounds, a vampire and a shadow come into view.
You shout at the hell hound!
Evoke which item? (* to show all) (? for menu, Esc to quit)
Zapping:
u - a wand of teleportation (1)
Press: ? - help, Shift-Dir - straight line, f - you You feel strangely unstable.
This wand has 0 charges left.
You are engulfed in roaring flames.
You resist. The Serpent of Hell closely misses you.
The Serpent of Hell completely misses you.
The Serpent of Hell bites you!
You are engulfed in flames.
You resist.
The Serpent of Hell claws you but does no damage.
The Serpent of Hell completely misses you.
The golden dragon bites you but does no damage.
The golden dragon completely misses you.
The golden dragon misses you.
The shadow dragon is engulfed in roaring flames.
The shadow dragon completely misses you.
The shadow dragon claws you but does no damage.
The shadow dragon closely misses you. The hell knight completely misses you.
Unknown command.
Evoke which item? (* to show all) (? for menu, Esc to quit)
A mighty gale blasts forth from the fan!
The monsters around you are blown away!
The golden dragon slams into the stone wall!
The salamander firebrand slams into the stone wall!
The winds coalesce and take form.
You are engulfed in roaring flames.
You resist.
The golden dragon bites you but does no damage.
The golden dragon claws you. The golden dragon tramples you!
You hold your ground!
The salamander firebrand hits you with a great mace of flaming!!
The air around you erupts in flames! You resist.
You die...

You could see the Serpent of Hell, a shadow dragon, an iron dragon, a golden dragon, a salamander firebrand, a reaper, a hell knight, a vampire, 5 hell hounds, a shadow and 3 friendly air elementals.

Vanquished Creatures
  the royal jelly (Slime:6)
  Ignacio (Pan)
  Gloorx Vloq (Pan)
  A seraph (Pan)
  Mnoleg (Pan)
  An ancient lich (Zig:5)
  Mennas (Pan)
  A juggernaut (Depths:2)
  8 pandemonium lords (Pan)
  Sojobo (Depths:1)
  Margery (Depths:1)
  Norris (Spider:4)
  A caustic shrike (Zig:9)
  Geryon (Hell)
  3 golden dragons
  the Enchantress (Depths:3)
  2 pearl dragons (Pan)
  5 bone dragons
  Arachne (Spider:4)
  6 liches
  12 Brimstone Fiends
  2 Ice Fiends (Pan)
  2 hellephants
  5 tentacled monstrosities
  5 Hell Sentinels (Pan)
  3 deep elf blademasters
  3 titans (Vaults:5)
  2 deep elf master archers (Elf:3)
  15 acid blobs
  11 Shadow Fiends
  21 Executioners (Pan)
  4 sphinxes
  Gastronok (D:9)
  11 warmongers (Pan)
  An octopode crusher (Depths:4)
  3 thorn hunters
  3 ancient champions
  9 fire giants
  10 shadow dragons
  6 storm dragons
  5 draconian monks
  8 azure jellies
  5 corrupters (Pan)
  Wiglaf (Depths:1)
  5 tengu reavers
  13 daevas (Pan)
  5 chaos champions (Pan)
  3 draconian knights
  3 iron dragons (Vaults:5)
  6 ghost moths
  8 frost giants
  9 vault wardens
  A draconian scorcher (Zig:11)
  Aizul (Depths:1)
  A draconian zealot (Depths:5)
  3 curse skulls
  6 deep elf sorcerers
  4 emperor scorpions (Spider:4)
  2 draconian shifters
  27 balrugs
  24 cacodemons (Pan)
  26 reapers
  3 draconian annihilators
  A ghoul (Zig:5)
  11 ophanim (Pan)
  22 angels (Pan)
  4 war gargoyles
  10 stone giants
  16 very ugly things
  6 ironheart preservers
  7 spriggan defenders
  The ghost of graki42 the Cleaver, a powerful MiFi of Trog (Lair:3)
  8 salamander firebrands
  15 apis (Pan)
  A green draconian (Zig:6)
  11 deep elf demonologists
  A draconian caller (Zig:6)
  7 deep elf annihilators
  A salamander stormcaller (Vaults:5)
  3 purple draconians
  15 lorocyprocas
  3 black draconians
  A mottled draconian (Zig:6)
  7 black suns (Pan)
  2 yellow draconians (Depths:5)
  2 dire elephants
  A red draconian (Zig:11)
  2 white draconians
  A vampire knight (Depths:4)
  4 ettins
  21 blizzard demons
  8 green deaths (Pan)
  6 blood saints (Pan)
  15 death oozes
  3 crystal guardians
  An orange crystal statue (WizLab)
  3 eidola
  26 vault guards
  8 fire dragons
  A merfolk impaler (Depths:4)
  Josephine (Lair:4)
  3 deep elf death magi
  4 deep elf high priests
  16 yaktaur captains
  14 great orbs of eyes
  8 ice dragons
  9 hell beasts (Pan)
  2 quicksilver dragon skeletons
  A ghost crab (Tar:6)
  7 spriggan air magi
  10 monstrous demonspawn (Pan)
  10 hydras
  11 ogre magi
  4 alligators
  3 catoblepae (Zig:9)
  5 entropy weavers
  5 centaur warriors
  A queen ant (Spider:1)
  2 vampire magi
  15 dancing weapons
  8 deep troll shamans
  5 tengu warriors
  10 hell hogs
  10 deep troll earth magi
  6 holy swine (Pan)
  26 sun demons
  2 fire crabs
  Urug (Orc:3)
  An orc high priest (Elf:2)
  2 thrashing horrors (Zig:6)
  14 soul eaters
  6 spriggan berserkers
  A death drake (shapeshifter) (Vaults:5)
  2 iron trolls
  A storm dragon zombie (Geh:6)
  4 titan skeletons
  2 fire crabs (shapeshifter)
  2 salamander mystics
  17 shadow wraiths
  7 wizards
  13 gelid demonspawn (Pan)
  2 storm dragon skeletons
  29 skeletal warriors
  17 deep elf knights
  15 cherubim (Pan)
  3 unseen horrors
  21 deep trolls
  2 ghost moth zombies
  13 infernal demonspawn (Pan)
  A death drake (Tar:3)
  20 hell knights
  14 ice devils
  An anaconda zombie (Tar:6)
  25 large abominations
  10 spriggan druids
  3 flayed ghosts
  19 shadow demons
  A harpy (shapeshifter) (Elf:3)
  8 deep elf summoners
  2 shambling mangroves
  An unseen horror (shapeshifter) (Depths:1)
  5 orc sorcerers
  7 giant orange brains
  12 torturous demonspawn (Pan)
  2 wolf spider zombies
  17 wolf spiders
  10 orc knights
  2 hill giants (D:9)
  8 putrid demonspawn (Pan)
  3 shining eyes
  14 ironbrand convokers
  A golden dragon skeleton (Geh:6)
  7 orb spiders
  12 deep elf conjurers
  5 harpies (Vaults:3)
  5 anaconda skeletons
  4 stone giant zombies
  An iron dragon zombie (Tar:7)
  2 griffons
  6 oklob plants
  An orb spider (shapeshifter) (D:15)
  10 hornets
  13 phantasmal warriors
  5 salamanders
  4 fire giant zombies
  A moth of wrath (Spider:4)
  2 frost giant zombies
  3 shadow dragon skeletons
  12 necromancers
  2 mana vipers (shapeshifter) (Vaults:5)
  31 sixfirhies (Pan)
  A sphinx skeleton (Vaults:5)
  47 ugly things
  3 cyclopes
  2 fire giant skeletons
  A human skeleton (Vaults:5)
  A stone giant skeleton (Pan)
  4 frost giant skeletons
  19 smoke demons
  A dire elephant zombie (Geh:6)
  10 rust devils
  Joseph (D:9)
  2 iron dragon skeletons
  2 black mambas
  2 black mambas (shapeshifter)
  15 vault sentinels
  6 elephants (Lair:8)
  43 orange demons
  A spiny frog (shapeshifter) (Depths:4)
  A molten gargoyle (Geh:1)
  3 torpor snails
  An eye of devastation (Slime:6)
  7 centaur skeletons
  3 dire elephant skeletons
  10 spiny frogs
  9 komodo dragons
  2 fire drakes (Zig:2)
  A kobold demonologist (D:14)
  13 hellions
  A komodo dragon (shapeshifter) (Vaults:2)
  3 efreet
  16 hellwings (Pan)
  12 tormentors
  2 silent spectres
  14 demonic crawlers
  A hydra zombie (Geh:7)
  33 red devils
  45 yaktaurs
  9 freezing wraiths
  9 deep elf priests
  4 giant leeches
  6 trolls
  2 polar bears (Lair:3)
  11 jumping spiders
  An entropy weaver zombie (Depths:1)
  A harpy zombie (Geh:6)
  4 tengu conjurers
  15 blue devils
  2 bog bodies (Zig:10)
  An ice dragon zombie (Geh:6)
  20 two-headed ogres
  3 hydra skeletons
  2 ettin zombies
  A raiju (shapeshifter) (Depths:5)
  An alligator zombie (Geh:1)
  81 slime creatures
  A blink frog (shapeshifter) (Vaults:5)
  3 boulder beetles
  14 blink frogs
  14 shadows
  An alligator skeleton (Hell)
  A black mamba zombie (Geh:7)
  33 redbacks
  57 flying skulls
  14 trapdoor spiders
  18 fire elementals
  An ice dragon skeleton (Tar:7)
  6 raiju
  15 ynoxinuls
  39 spriggans
  10 wraiths
  An air elemental (Depths:5)
  A human (shapeshifter) (Vaults:5)
  5 fire bats
  17 tarantellas
  4 water elementals
  2 hungry ghosts
  26 deep elf fighters
  22 deep elf magi
  A fire dragon skeleton (Pan)
  19 golden eyes
  6 chaos spawn
  Grum (D:9)
  5 hippogriffs
  3 steam dragons
  4 swamp worm simulacra (Swamp:4)
  20 yaks
  3 vampires
  29 vampire mosquitoes
  13 wolves
  7 swamp worms
  3 wargs
  An insubstantial wisp (Zig:10)
  10 soldier ants
  18 neqoxecs (Pan)
  12 hydra simulacra (Swamp:4)
  7 hell hounds
  9 sky beasts
  7 porcupines
  A deep troll zombie (Vaults:5)
  4 black bears
  A spiny frog zombie (Tar:7)
  9 water moccasins
  A spiny frog skeleton (Hell)
  21 orc warriors
  37 spiders
  9 swamp drakes
  7 eyes of draining
  A snapping turtle zombie (Tar:5)
  An eye of draining (shapeshifter) (Elf:2)
  An ice beast (D:10)
  A swamp dragon zombie (Tar:7)
  7 necrophages
  A small abomination (Abyss:3)
  3 phantoms
  21 wasps
  A fire dragon simulacrum (Depths:1)
  5 boggarts
  2 snapping turtle skeletons
  8 crocodiles
  A tengu (D:9)
  39 ogres
  6 centaurs
  9 big kobolds
  A brain worm (D:14)
  7 elf zombies
  14 giant frogs
  2 elf skeletons
  A scorpion (D:9)
  18 wights
  2 electric eels
  12 crimson imps
  A quasit (Abyss:1)
  A giant frog zombie (D:8)
  A hound (D:4)
  23 orc priests
  18 jellies
  A starcursed mass (Abyss:4)
  A centaur zombie (D:11)
  4 iron imps
  3 giant frog skeletons
  9 iguanas
  17 orc wizards
  31 worker ants
  Terence (D:2)
  5 lightning spires
  26 sheep
  An ogre zombie (Tar:7)
  A naga skeleton (Geh:7)
  A hound skeleton (D:11)
  2 hound zombies
  4 adders
  15 gnolls
  30 river rats
  6 shadow imps
  3 swamp drake simulacra (Swamp:4)
  An ufetubus (Abyss:1)
  3 oozes (Lair:7)
  2 adder zombies
  A worm (D:5)
  5 giant geckos
  145 orcs
  7 bats
  7 giant cockroaches
  32 hobgoblins
  11 jackals
  3 quokkas
  A ball python (D:3)
  A giant newt (D:4)
  32 goblins
  13 kobolds
  An orc zombie (Hell)
  A quokka skeleton (D:8)
  3 rats
  11 briar patches (Zig:10)
  7 fungi
  6 plants
3023 creatures vanquished.

Vanquished Creatures (collateral kills)
  Cerebov (Pan)
  Rupert (Lair:3)
  A thorn hunter (Swamp:4)
  A sphinx (Vaults:5)
  4 shadow dragons (Vaults:5)
  The ghost of ololoev the Severer, a powerful HOFi of Makhleb (Swamp:4)
  A deep elf sorcerer (Elf:3)
  An emperor scorpion (Spider:1)
  A cacodemon (Pan)
  A lorocyproca (Pan)
  3 deep elf annihilators
  A deep elf death mage (Elf:3)
  A fire dragon (Lair:8)
  A vault guard (Vaults:5)
  A great orb of eyes (Depths:5)
  A hydra (Swamp:2)
  2 ogre magi (Orc:4)
  2 alligators (Swamp:2)
  3 dancing weapons (Elf:2)
  5 deep elf knights (Elf:2)
  An ice statue (Zig:5)
  4 orb spiders
  An orc knight (Orc:3)
  A death drake (shapeshifter) (Vaults:5)
  A hornet (Swamp:4)
  A deep elf conjurer (Elf:2)
  2 shining eyes (Depths:5)
  2 wolf spiders (Spider:1)
  2 vault sentinels (Vaults:5)
  2 torpor snails (Lair:4)
  A yaktaur (Vaults:5)
  A demonic crawler (Spider:1)
  5 jumping spiders (Spider:4)
  A tormentor (Pan)
  A giant leech (Swamp:2)
  7 two-headed ogres (Orc:4)
  2 blink frogs (Swamp:2)
  5 trapdoor spiders
  6 redbacks
  4 tarantellas
  3 yaks (D:9)
  3 deep elf fighters
  3 vampire mosquitoes (Swamp:2)
  A hungry ghost (D:11)
  A mottled dragon (Lair:8)
  A wolf (Lair:4)
  A porcupine (Lair:3)
  3 swamp worms (Swamp:4)
  5 ogres (Orc:4)
  2 orc warriors (Orc:3)
  An eye of draining (Depths:5)
  A wasp (Swamp:2)
  A swamp drake (Swamp:2)
  2 iguanas (Lair:8)
  A sheep (Lair:4)
  3 river rats (Lair:4)
  A swamp drake simulacrum (Swamp:4)
  A fungus (Lair:4)
  A plant (Lair:8)
118 creatures vanquished.

Vanquished Creatures (others)
  A lich (Pan)
  A titan (Pan)
  2 eldritch tentacles (Pan)
  A tengu reaver (Depths:1)
  A shadow dragon (Tar:7)
  A fire giant (Depths:5)
  A draconian zealot (Zig:11)
  A balrug (Pan)
  3 draconian annihilators (Pan)
  A deep elf annihilator (Pan)
  A blizzard demon (Pan)
  An eidolon (Tar:7)
  A yaktaur captain (Depths:5)
  4 rakshasas (Pan)
  14 ball lightnings (Pan)
  A golden dragon zombie (Geh:7)
  A giant orange brain (Pan)
  6 wizards (Pan)
  2 shadow dragon skeletons
  A sixfirhy (Pan)
  An iron dragon skeleton (Geh:6)
  2 smoke demons (Pan)
  An orange demon (Pan)
  A tormentor (Pan)
  2 air elementals (Depths:5)
  2 jumping spiders
  A flying skull (Geh:6)
  An ettin skeleton (Geh:1)
  A shadow (Tar:6)
  A steam dragon (Lair:8)
  A black mamba skeleton (Geh:1)
  A wraith (Geh:6)
  A naga (shapeshifter) (Vaults:5)
  2 wasps (Zig:10)
  A spiny frog skeleton (Geh:6)
  A boggart (Depths:2)
  A wight (Tar:3)
  2 crimson imps (Pan)
  2 orcs
  A block of ice (Pan)
  283 eldritch tentacle segments
  2 fungi (Lair:8)
  4 plants
360 creatures vanquished.

Grand Total: 3501 creatures vanquished

Action                   |  1- 3 |  4- 6 |  7- 9 | 10-12 | 13-15 | 16-18 | 19-21 | 22-24 | 25-27 || total
-------------------------+-------+-------+-------+-------+-------+-------+-------+-------+-------++-------
Melee: War axe           |    72 |   141 |   189 |   601 |       |       |       |       |       ||  1003
       Hand axe          |       |       |     3 |       |       |    11 |       |       |       ||    14
       Battleaxe         |       |       |       |     8 |   942 |   519 |  1081 |  1193 |  4280 ||  8023
       Unarmed           |       |       |       |       |       |       |       |       |     1 ||     1
 Cast: Apportation       |       |       |       |       |       |     4 |     1 |    16 |    47 ||    68
       Blink             |       |       |       |       |       |       |       |     1 |       ||     1
       Necromutation     |       |       |       |       |       |       |       |       |    45 ||    45
       Regeneration      |       |       |       |       |       |       |       |       |    16 ||    16
Invok: Lesser Servant of |       |       |       |     7 |     1 |     1 |       |       |       ||     9
       Minor Destruction |       |       |       |     1 |     3 |       |       |       |       ||     4
       Major Destruction |       |       |       |     2 |       |       |       |       |       ||     2
       Greater Servant o |       |       |       |     1 |    11 |     7 |    10 |     2 |       ||    31
 Abil: Evoke Berserk Rag |       |       |       |       |     2 |     2 |       |       |       ||     4
       Evoke Teleportati |       |       |       |       |       |       |       |    37 |     9 ||    46
       Evoke Flight      |       |       |       |       |       |       |       |     3 |     6 ||     9
       Stop Flying       |       |       |       |       |       |       |       |     2 |       ||     2
Evoke: Rod               |       |     6 |    27 |    69 |    46 |    15 |     8 |     6 |       ||   177
       Deck              |       |       |     1 |     4 |       |       |     6 |     3 |    18 ||    32
       Wand              |       |       |       |    15 |     9 |    13 |     4 |    16 |    17 ||    74
       Disc of storms    |       |       |       |       |       |       |       |    50 |    72 ||   122
       Fan of gales      |       |       |       |       |       |       |       |       |     2 ||     2
  Use: Scroll            |     3 |       |    10 |     6 |    12 |     7 |    12 |    15 |    63 ||   128
       Potion            |       |     2 |     2 |     2 |     5 |    12 |     6 |     5 |    50 ||    84
 Stab: Paralysed         |       |       |       |     5 |       |       |       |       |     1 ||     6
       Distracted        |       |       |       |     1 |     4 |     1 |     4 |       |     5 ||    15
       Invisible         |       |       |       |     5 |       |       |       |       |       ||     5
  Eat: Chunk             |       |     2 |     7 |    33 |    16 |    10 |     7 |    14 |     5 ||    94
       Fruit             |       |       |       |     1 |     2 |     3 |     9 |    16 |     7 ||    38
       Beef jerky        |       |       |       |     1 |     1 |     1 |       |     2 |     2 ||     7
       Bread ration      |       |       |       |     1 |       |       |       |     1 |     1 ||     3
       Royal jelly       |       |       |       |       |       |       |     1 |       |     6 ||     7
       Pizza             |       |       |       |       |       |       |       |     1 |       ||     1
       Meat ration       |       |       |       |       |       |       |       |       |     4 ||     4

Vault maps used:
D:1:      sevenhm_arrival_forest_fort_large_2
D:2:      first_bread, uniq_crazy_yiuf_cottage, uniq_terence
D:3:      minmay_goblin_kobold_castle, good_gods_mini_temple,
          kennysheep_flooded_box, minivault_5, grunt_ministairs_1, tgw_sif
D:4:      old_standard_altar, minmay_temple_entry_mist
D:5:      basic_altar, nicolae_for_you_no_charge
D:6:      basic_altar, fedhas_altar_decomposition
D:7:      lemuel_crystal_altar
D:8:      hangedman_ranch
D:9:      nicolae_overflow_hidden_temple, nemelex_deck,
          kennysheep_generic_room_2, uniq_prince_ribbit1, uniq_gastronok,
          uniq_grum, uniq_joseph
D:11:     lair_0_dummy, kennysheep_generic_room_10
D:12:     david_orc_5
D:13:     cheibrodos_lost_city_excavation
D:14:     hangedman_vaults_entry_quadrant_bands, interstate_on_off,
          lightli_bailey_entry_fortress, uniq_snorg
D:15:     grunt_enter_depths_hoard, minivault_4
Temple:   roderic_octagonal_lattice_temple
Lair:1:   beast_lair_carwin_5, wad_woods_river_01
Lair:2:   grunt_megastairs_4
Lair:3:   minmay_swamp_entry_worms, forest_entry_grove, uniq_rupert
Lair:4:   kennysheep_snail_temple, uniq_josephine
Lair:5:   lemuel_fruit_fields, infiniplex_staircase_pool
Lair:6:   spider_nest_entry_a, guppyfry_lair_drakes
Lair:7:   boulder_dual_corridor_run, nicolae_slime_entry_slimehenge
Lair:8:   guppyfry_lair_end_dragon, wormcave
Swamp:1:  evilmike_swamp_ruin_rubble_1, swamp_pool1,
          nicolae_swamp_oklob_treasure_island
Swamp:2:  nicolae_swamp_trees_clearing
Swamp:3:  evilmike_swamp_ruin_house_5, infiniplex_staircase_pool_2
Swamp:4:  swamp_icy, swamp_pool3, uniq_kirke
Spider:1: minmay_another_anthill
Spider:2: nicolae_spider_mines_1, uniq_asterion
Spider:3: cheibrodos_spider_creepycove, uniq_roxanne
Spider:4: grunt_spider_rune_parallel, uniq_arachne, uniq_norris
Orc:1:    basic_altar, lemuel_statue_altar, uniq_harold
Orc:2:    basic_altar
Orc:3:    nicolae_orc_pool_cavern, sword_in_stone
Orc:4:    st_orc_ogre_mass, bloody_trog, uniq_saint_roka
Elf:1:    eino_elf_arrival_altar, minmay_elf_necromancy, due_unseen_surprise
Elf:2:    serial_sigils, serial_sigils_hangedman_gnaw,
          serial_sigils_hangedman_etch, serial_sigils_hangedman_quiver,
          serial_sigils_hangedman_gut
Elf:3:    elf_hall, serial_shops, shop_scrolls, mu_enter_wizlab_5, minivault_24
Vaults:1: vaults_room_boxed, vaults_standard_mumra_lines, vaults_room_corners,
          v_misc_17, dpeg_vaults_monster_box, nicolae_vaults_rhombus_7,
          v_pattern_5, v_misc_18, ontoclasm_vaults_twist, serial_shops, shop
Vaults:2: vaults_dpeg_encased_lava, hangedman_vaults_pinch,
          hangedman_vaults_snaps, vaults_mumra_minichess,
          nicolae_vaults_yaktaur_gun_rack, v_misc_13,
          minmay_crypt_entry_necro_gods, nicolae_vaults_windows_and_doors_thing,
          grunt_vaults_swirl, st_hourglassy, v_misc_24, vaults_dpeg_diagonal,
          vaults_room_pools, nicolae_vaults_angled_halls, v_misc_8,
          ontoclasm_vaults_fault, serial_shops, shop, nicolae_shop_stone, shop,
          nicolae_shop_trees
Vaults:3: hangedman_vaults_maws, nicolae_vaults_mini_display_case,
          ontoclasm_vaults_ring_large, v_rooms_3, v_rooms_2, v_misc_5,
          ontoclasm_vaults_idyll, hangedman_vaults_cutoff,
          nicolae_vaults_little_squares_4, ontoclasm_vaults_decontamination,
          st_more_cells
Vaults:4: v_rooms_5, v_pattern_4, ontoclasm_vaults_claustrophobia,
          v_alt_pattern_2, v_misc_30, grunt_vaults_diagonal,
          nicolae_vaults_theta, hangedman_vaults_trim, v_misc_23,
          grunt_vaults_funnel, nicolae_vaults_little_squares_6, v_misc_14,
          vaults_dpeg_hooks
Depths:1: grunt_metal_band, abyss_entry, nicolae_twisting_strands,
          kennysheep_doodads, hangedman_abyss_or_decor_lesser_grid,
          serial_bayou_pond_d, xom_teletrap_fun, uniq_wiglaf, uniq_aizul,
          uniq_sojobo
Depths:2: lemuel_traditional_vault, kennysheep_nondescript, hell_entry,
          serial_shops, kennysheep_mini, abyss_entry_small_statue_room,
          grunt_decor_arrowhead
Depths:3: spriggan_forest, pan_entry, hell_entry
Depths:4: kennysheep_cluttered_fort, abyss_entry, grunt_hell_entry_dis_grunt,
          roderic_lattice_a, st_stairs_5, uniq_enchantress
Depths:5: evilmike_zot_entry_hall, enter_ziggurat_c, pan_entry, pf_coc_iceberg,
          serial_glass, glass_columns_b, glass_columns_a, glass_columns_a,
          glass_columns_b, glass_columns_b, glass_columns_a
Geh:4:    grunt_megastairs_3
Geh:5:    hangedman_elemental_corridor
Geh:7:    geh_hangedman
Tar:1:    nicolae_tar_cuneiform_bird
Tar:2:    nicolae_tar_cuneiform_oil, door_vault
Tar:3:    nicolae_tar_cuneiform_sun
Tar:5:    nicolae_tar_cuneiform_to_be, nicolae_tar_cuneiform_heaven
Tar:7:    tar_mu
Abyss:3:  due_abyss_rune, guppyfry_abyss_exit_spiral_guarded
Abyss:4:  bh_abyss_xom_lugonu_altar, guppyfry_abyss_exit_imp_island,
          evilmike_abyss_rune_elephants
Abyss:5:  nicolae_abyss_rune_more_like_crabyss
Pan:      grunt_pan_zigzag, rand_demon_2, grunt_pan_pentagram, gloorx_vloq,
          evilmike_mini_pan_diamond, pan_blood_fountain_2,
          pan_blood_fountain_small, evilmike_mini_pan_pillars,
          evilmike_mini_pan_possible_glass, enter_ziggurat_pan_a,
          uniq_mennas_pan, pan_surprise, nicolae_pan_hourglass,
          evilmike_holy_pan, evilmike_mini_pan_doors, uniq_gloorx_vloq,
          evilmike_mini_pan_doors_b, uniq_gloorx_vloq, rand_demon_7,
          pan_blood_fountain, nicolae_pan_sigil_obb, rand_demon_5,
          pan_blood_fountain, pan_blood_fountain_small, nicolae_pan_glass_arcs,
          evilmike_mini_pan_branches, uniq_gloorx_vloq,
          pan_blood_fountain_small, rand_demon_8, evilmike_mini_pan_doors_b,
          pan_blood_fountain_small, lom_lobon_st, evilmike_mini_pan_diamond,
          uniq_lom_lobon, evilmike_mini_pan_3x3, nicolae_pan_giant_door,
          nicolae_pan_glass_arcs, pan_blood_fountain,
          nicolae_pan_strange_glyphs, evilmike_mini_pan_other_thingy,
          uniq_lom_lobon, evilmike_mini_pan_T, enter_ziggurat_pan_b,
          pan_blood_fountain, evilmike_mini_pan_thingy, pan_blood_fountain_2,
          nicolae_pan_lom_lobonic_2, nicolae_pan_hourglass,
          lemuel_hellion_island, pan_blood_fountain_small,
          nicolae_pan_hourglass, uniq_lom_lobon, nicolae_pan_sigil_itan,
          evilmike_mini_pan_doors_b, enter_ziggurat_pan_b,
          evilmike_mini_pan_corner, evilmike_mini_pan_pillars_b, uniq_lom_lobon,
          pan_blood_fountain_small, pan_blood_fountain_2,
          nicolae_pan_lom_lobonic_2, grunt_pan_in_and_out, rand_demon_6, mnoleg,
          evilmike_mini_pan_pillars_b, uniq_lom_lobon, uniq_ignacio,
          rand_demon_6, uniq_ignacio, evilmike_mini_pan_pillars,
          grunt_pan_frozen_over, pan_blood_fountain_small, grunt_pan_sceptre,
          uniq_lom_lobon, nicolae_pan_mnolegish_2, pan_captured_pigsty,
          evilmike_mini_pan_doors_b, uniq_ignacio, nicolae_pan_cerebovesque_1,
          cerebov_st, uniq_ignacio, uniq_lom_lobon, nicolae_pan_cerebovesque_4
Zig:7:    ziggurat_pillar_centre_c
Zig:10:   ziggurat_pillar_centre_oklobs
WizLab:   wizlab_wucad
